 Dungeon Crawl Stone Soup version 0.21.1-1-g345015f (webtiles) character file.

6617 Hebeh the Cleaver (level 10, -5/91 HPs)
             Began as a Deep Dwarf Fighter on June 17, 2018.
             Was a Priest of Makhleb.
             Slain by an orc warrior
             ... wielding a +0 glaive
              (14 damage)
             ... on level 9 of the Dungeon.
             The game lasted 00:38:18 (6995 turns).

Hebeh the Cleaver (Deep Dwarf Fighter)              Turns: 6995, Time: 00:38:19

Health: -5/91      AC: -6    Str: 23    XL:     10   Next: 72%
Magic:  0/0        EV:  2    Int:  9    God:    Makhleb [***...]
Gold:   585        SH:  0    Dex: -21 (12)Spells: 9/9 levels left

rFire    . . .     SeeInvis +   I - +0 battleaxe (vamp)
rCold    + . .     Gourm    .   (shield currently unavailable)
rNeg     . . .     Faith    .   z - +3 scale mail {rC+}
rPois    +         Spirit   .   j - +0 hat
rElec    .         Reflect  .   p - +2 cloak {rPois}
rCorr    .         Harm     .   e - +1 pair of gloves
MR       +....                  m - +0 pair of boots
Stlth    ..........             (no amulet)
HPRegen  0.00/turn              G - +5 ring of evasion
MPRegen  0.07/turn              C - ring of see invisible

@: corroded, non-regenerating, slowed, lost dexterity, heavily drained, very
slow
A: damage resistance, heal wounds, sense surroundings 2, no regeneration
a: Heal Wounds, Minor Destruction, Lesser Servant of Makhleb, Renounce Religion


You were on level 9 of the Dungeon.
You worshipped Makhleb.
Makhleb was most pleased with you.
You were hungry.

You visited 2 branches of the dungeon, and saw 11 of its levels.
You also visited: Sewer.

You collected 585 gold pieces.

Inventory:

Hand Weapons
 a - a +1 war axe
 I - a +0 vampiric battleaxe (weapon)
 J - a +3 hand axe
Armour
 c - a +1 shield
 e - a +1 pair of gloves (worn)
 j - a +0 hat (worn)
 m - a +0 pair of boots (worn)
 n - a +0 buckler of protection
 p - a +2 cloak of poison resistance (worn)
 z - a +3 scale mail of cold resistance (worn)
 K - a +0 plate armour
Jewellery
 b - an uncursed ring of positive energy
 C - a ring of see invisible (right hand)
 G - a +5 ring of evasion (left hand)
 H - an uncursed ring of fire {unknown}
Wands
 g - a wand of clouds (5)
 s - a wand of disintegration (13)
 y - a wand of paralysis (12)
 B - a wand of iceblast (10)
Scrolls
 h - 3 scrolls of remove curse
 i - 2 scrolls of teleportation
 l - 2 scrolls of fear {unknown}
 q - 5 scrolls of enchant armour
 r - 2 scrolls of amnesia
 E - 2 scrolls of enchant weapon
 M - a scroll of identify
Potions
 d - a potion of might
 k - a potion of heal wounds
 o - 3 potions of flight
 t - a potion of lignification {unknown}
 u - 2 potions of brilliance
 v - 3 potions of curing {unknown}
 w - 3 potions of haste
 x - 3 potions of ambrosia
 A - a potion of agility {unknown}
 F - a potion of resistance
 L - 2 potions of magic
Books
 D - a book of Battle

   Spells                             Type                      Level
   a - Infusion                       Charms                       1
   b - Shroud of Golubria             Charms/Translocation         2
   c - Song of Slaying                Charms                       2
   d - Spectral Weapon                Hexes/Charms                 3
   e - Regeneration                   Charms/Necromancy            3
 N - a book of Maledictions

   Spells                             Type                      Level
   a - Corona                         Hexes                        1
   b - Ensorcelled Hibernation        Hexes/Ice                    2
   c - Confuse                        Hexes                        3
   d - Tukima's Dance                 Hexes                        3
   e - Dazzling Spray                 Conjuration/Hexes            3
Comestibles
 f - 18 rations
 O - 5 chunks of flesh


   Skills:
 + Level 6.2(4.6) Fighting
 + Level 12.3(10.4) Axes
 + Level 7.0(5.4) Armour
 + Level 6.0(4.4) Dodging
 + Level 1.5(0.1) Stealth
 + Level 7.5(5.8) Shields


You had 9 spell levels left.
You didn't know any spells.

Dungeon Overview and Level Annotations

Branches:
Dungeon (10/15)            Temple (1/1) D:5            Lair (0/6) D:10
    Orc: D:9-12

Altars:
Ashenzari
Fedhas
Makhleb
Nemelex Xobeh
Okawaru
Qazlal
Trog
The Shining One


Innate Abilities, Weirdness & Mutations

You are resistant to damage.
You can heal yourself by infusing magical energy.
You passively map the area around you.
You do not regenerate.


Message History

The quasit bites you.
You feel clumsy. The quasit claws you. x2
The orc warrior hits you from afar with a glaive!
* * * LOW HITPOINT WARNING * * *
Unknown command.
The quasit bites you.
* * * LOW HITPOINT WARNING * * *
You feel clumsy. The quasit claws you. x2
The quasit bites you. The quasit claws you. x2
* * * LOW HITPOINT WARNING * * *
The quasit bites you.
You feel clumsy. The quasit claws you.
* * * LOW HITPOINT WARNING * * *
You feel clumsy. The quasit claws you.
The orc warrior hits you from afar with a glaive!
You die...

#########
#..>....#
#####...$...## *
#...@......... ,
, ,
#.###5).$..... *
##o).....##*
,#..).....# ,
#.............#*
*
#....#.##.......
#.#...., .$.....
,, #,#.#..
#..#... , #,#..,
..####* ,


You could see an orc warrior and a quasit.

Vanquished Creatures
  Joseph (D:9)
  A gargoyle (D:10)
  3 hippogriffs
  Sigmund (D:4)
  4 yaks (D:10)
  Duvessa (D:6)
  Purgy (Sewer)
  A sky beast (D:8)
  3 orc warriors
  2 ice beasts
  A black bear (D:10)
  2 phantoms
  3 ogres
  3 centaurs
  8 bullfrogs
  A water moccasin zombie (D:8)
  A wyvern skeleton (D:8)
  Dowan (D:6)
  A scorpion (D:4)
  4 wights (D:7)
  2 howler monkeys
  3 centaur zombies
  2 crimson imps
  4 hounds
  4 jellies
  A gnoll shaman (D:4)
  9 orc priests
  2 centaur skeletons
  2 bullfrog skeletons
  17 orc wizards
  Jessica (D:2)
  Ijyb (D:4)
  Terence (D:3)
  5 worker ants
  4 iguanas
  A killer bee zombie (D:6)
  A hound zombie (D:6)
  2 hound skeletons
  A howler monkey zombie (D:6)
  2 worker ant zombies
  A howler monkey skeleton (D:8)
  10 gnolls
  8 adders
  4 shadow imps
  An ooze (D:7)
  An adder zombie (D:6)
  6 worms
  3 leopard geckos
  42 orcs
  15 bats
  7 giant cockroaches
  7 goblins
  12 hobgoblins
  7 jackals
  10 kobolds
  4 quokkas
  A ball python (D:2)
  5 frilled lizards
  A giant cockroach zombie (D:5)
  A leopard gecko skeleton (D:6)
  2 quokka skeletons
  10 rats
266 creatures vanquished.

Notes
Turn   | Place    | Note
-------+----------+-------------------------------------------
     0 | D:1      | Hebeh the Deep Dwarf Fighter began the quest for the Orb.
     0 | D:1      | Reached XP level 1. HP: 20/20 MP: 1/1
    83 | D:1      | Reached XP level 2. HP: 26/28 MP: 2/2
   199 | D:1      | Reached XP level 3. HP: 25/34 MP: 3/3
   435 | D:1      | Reached skill level 3 in Axes
   685 | D:2      | Noticed a bullfrog
   697 | D:2      | Killed a bullfrog
   697 | D:2      | Reached XP level 4. HP: 35/42 MP: 3/3
   724 | D:2      | Found a sparkling altar of Nemelex Xobeh.
   897 | D:2      | Reached skill level 1 in Dodging
   897 | D:2      | Reached XP level 5. HP: 40/49 MP: 4/4
   905 | D:2      | Reached skill level 4 in Axes
   973 | D:2      | Noticed Jessica
   977 | D:2      | Killed Jessica
  1262 | D:2      | Reached XP level 6. HP: 49/56 MP: 5/5
  1613 | D:3      | Found a blossoming altar of Fedhas.
  1783 | D:3      | Reached skill level 5 in Axes
  2008 | D:3      | Noticed Terence
  2024 | D:3      | Killed Terence
  2024 | D:3      | Reached skill level 5 in Shields
  2557 | D:4      | Reached XP level 7. HP: 38/62 MP: 6/6
  2606 | D:4      | Noticed Sigmund
  2640 | D:4      | Killed Sigmund
  3029 | D:4      | Reached skill level 6 in Axes
  3055 | D:4      | Reached skill level 5 in Armour
  3106 | D:4      | Noticed Ijyb
  3118 | D:4      | Killed Ijyb
  3382 | D:5      | Entered Level 5 of the Dungeon
  3435 | D:5      | Reached XP level 8. HP: 58/72 MP: 5/5
  3539 | D:5      | Found a sparkling altar of Nemelex Xobeh.
  3566 | D:5      | Found a staircase to the Ecumenical Temple.
  3576 | Temple   | Entered the Ecumenical Temple
  3583 | Temple   | Became a worshipper of Makhleb the Destroyer
  3813 | D:5      | Reached skill level 7 in Axes
  3966 | D:5      | Found a glowing drain.
  3988 | Sewer    | Entered a sewer
  4025 | Sewer    | Noticed Purgy
  4042 | Sewer    | Killed Purgy
  4360 | D:5      | Identified a scroll of acquirement
  4585 | D:6      | Noticed Dowan
  4588 | D:6      | Noticed Duvessa
  4597 | D:6      | Killed Dowan
  4612 | D:6      | Killed Duvessa
  4612 | D:6      | Reached skill level 8 in Axes
  4648 | D:6      | Reached * piety under Makhleb
  4870 | D:6      | Gained mutation: You passively map the area around you. [Deep Dwarf growth]
  4870 | D:6      | Reached XP level 9. HP: 56/79 MP: 6/6
  5163 | D:7      | Reached skill level 1 in Stealth
  5204 | D:7      | Reached skill level 9 in Axes
  5242 | D:7      | Reached skill level 5 in Fighting
  5348 | D:7      | Reached ** piety under Makhleb
  5706 | D:7      | Reached skill level 10 in Axes
  5923 | D:8      | Reached skill level 5 in Dodging
  6136 | D:8      | Reached XP level 10. HP: 88/88 MP: 7/7
  6298 | D:8      | Reached *** piety under Makhleb
  6319 | D:8      | Reached skill level 11 in Axes
  6611 | D:10     | Entered Level 10 of the Dungeon
  6674 | D:10     | Noticed a gargoyle
  6682 | D:10     | Killed a gargoyle
  6876 | D:10     | Reached skill level 12 in Axes
  6897 | D:9      | Noticed a deep elf mage
  6900 | D:9      | Noticed Joseph
  6917 | D:9      | Killed Joseph
  6921 | D:9      | Noticed an orange demon
  6931 | D:9      | Noticed a rust devil
  6954 | D:9      | Noticed a soul eater
  6985 | D:9      | Lost dexterity.
  6989 | D:9      | HP: 4/91 [orc warrior/glaive (26)]
  6995 | D:9      | Slain by an orc warrior

Skill      XL: |  1  2  3  4  5  6  7  8  9 10 |
---------------+-------------------------------+-----
Fighting       | 3 4 5 6 |  6.2
Axes           | 3 4 5 6 8 10 12 | 12.3
Shields        | 4 5 6 7 |  7.5
Armour         | 4 5 6 7 |  7.0
Dodging        | 1 3 5 6 |  6.0
Stealth        | 1 |  1.5

Action                   |  1- 3 |  4- 6 |  7- 9 | 10-12 || total
-------------------------+-------+-------+-------+-------++-------
Melee: War axe           |   117 |   193 |   396 |       ||   706
       Battleaxe         |       |       |   159 |   207 ||   366
 Abil: Heal Wounds       |     1 |     4 |     3 |    11 ||    19
  Use: Scroll            |       |     8 |     9 |     1 ||    18
       Potion            |       |       |       |     2 ||     2
  Eat: Chunk             |       |     6 |    11 |     3 ||    20
       Ration            |       |       |     3 |       ||     3
Armor: Scale mail        |    97 |    97 |   247 |    73 ||   514
Dodge: Dodged            |    49 |    69 |   364 |   290 ||   772
Block: Shield            |    85 |   143 |   138 |       ||   366
       Buckler           |       |       |    45 |       ||    45
